 Dungeon Crawl Stone Soup version 0.30-a0-802-gb92711bcdf (webtiles) character file.

Game seed: 3552802822492535195

49 Orangeyouglad the Grave Robber (level 3, 0/24 HPs)
             Began as a Demonspawn Necromancer on Feb 25, 2023.
             Succumbed to a kobold's poison
             ... on level 2 of the Dungeon.
             The game lasted 00:03:46 (1313 turns).

Orangeyouglad the Grave Robber (DsNe)               Turns: 1313, Time: 00:03:47

Health: 0/24       AC:  2    Str:  8    XL:     3   Next: 53%
Magic:  1/6        EV: 12    Int: 18    God:
Gold:   115        SH:  0    Dex: 13    Spells: 5/6 levels left

rFire   . . .      SeeInvis .    c - +0 dagger
rCold   . . .      Faith    .    (no shield)
rNeg    . . .      Spirit   .    a - +0 robe
rPois   .          Reflect  .    (no helmet)
rElec   .          Harm     .    (no cloak)
rCorr   .          Rampage  .    (no gloves)
Will    .....                    (no boots)
Stlth   ++                       (no amulet)
HPRegen 0.24/turn                (no ring)
MPRegen 0.10/turn                (no ring)

@: lethally poisoned (0 -> -13), flying
A: ignite blood 1, sturdy frame 1
a: no special abilities


You were on level 2 of the Dungeon.
You visited 1 branch of the dungeon, and saw 2 of its levels.

You collected 115 gold pieces.

Inventory:

Hand Weapons
 c - a +0 dagger (weapon)
Missiles
 f - 6 curare-tipped darts
Armour
 a - a +0 robe (worn)
Jewellery
 d - an amulet of faith
Scrolls
 e - a scroll of vulnerability {unknown}
 g - a scroll of immolation {unknown}
 h - 2 scrolls of enchant armour {unknown}
 i - a scroll of fear {unknown}
 k - 2 scrolls of noise {unknown}
 l - a scroll of identify {unknown}
Potions
 b - a potion of magic


   Skills:
 + Level 2.3 Dodging
 + Level 2.4 Stealth
 + Level 2.4 Spellcasting
 + Level 4.7 Necromancy


You had 5 spell levels left.
You knew the following spells:

 Your Spells              Type           Power      Damage    Failure   Level
a - Necrotise             Necr           76%        1d7       2%          1

Your spell library contained the following spells:

 Spells                   Type           Power      Damage    Failure   Level
 Vampiric Draining        Necr           19%        2d7       8%          3
 Animate Dead             Necr           19%        N/A       24%         4
 Agony                    Necr           19%        N/A       56%         5


Dungeon Overview and Level Annotations

Branches:
Dungeon (2/15)

Altars:


Innate Abilities, Weirdness & Mutations

Your demonic aura sometimes causes spilled blood to erupt in flames.
Your movements are slightly less encumbered by armour. (ER -2)


Message History

Aiming: Necrotise (safe; 2% risk of failure)
Press: ? - help, Q - select action, (/) - cycle Shift-Dir - straight line, f/p - endoplasm
Aim: an endoplasm (severely wounded, chance to affect: 89%)
The endoplasm writhes in agony.
You kill the endoplasm!
Aiming: Necrotise (safe; 2% risk of failure)
Press: ? - help, Q - select action, (/) - cycle Shift-Dir - straight line, f - jackal
Aim: a jackal (chance to affect: 89%)
The jackal writhes in agony.
The jackal bites you.
The jackal bites you but does no damage.
Aiming: Necrotise (safe; 2% risk of failure)
Press: ? - help, Q - select action, (/) - cycle Shift-Dir - straight line, f/p - jackal
Aim: a jackal (moderately wounded, chance to affect: 89%)
The jackal writhes in agony!
You kill the jackal!
The dead are walking!
You hit the kobold.
The kobold is moderately wounded.
The kobold hits you with a +2 whip of venom!
You are poisoned.
The jackal bites your jackal skeleton.
You closely miss the kobold.
The kobold is moderately wounded.
You feel sick.
The kobold hits you with a +2 whip of venom.
* * * LOW HITPOINT WARNING * * *
The jackal bites your jackal skeleton.
Your jackal skeleton bites the jackal.
The kobold attacks as you move away!
The kobold hits you with a +2 whip of venom.
* * * LOW HITPOINT WARNING * * *
You are lethally poisoned!
* * * LOW HITPOINT WARNING * * *
You feel very sick.
Your magical contamination has completely faded away.
Okay, then.
It was a potion of flight.
You feel very buoyant.
You fly up into the air.
You die...

..####.##.##.#####..#######..#.#
..##......##.#
##..#.....##..#.##
..##.###..##.#
#..#..)..#.#...... .....#
#.....# #.#######..#....#.
..##.###..####
#.#.....#..#.....† ###.......#
#.#...[.#..#....#. #.##.####
#.#..[..#..#...... #.##.#
#.#h$...#.#..##### #....#
#@#KZ...##..## # ###..#
#.'######..## # #..#
#....(....## # ####..#####
#######...# #
#...#.....###########.(.#### #
#..###.....................#####
#.#.#.###.#.##..................
#.##..###.#.##.###..............
# ##..........# #.##...##.#####


There were no monsters in sight!

Vanquished Creatures
  A dart slug (D:1)
  3 endoplasms
  A giant cockroach (D:1)
  3 goblins
  A hobgoblin (D:2)
  5 jackals
  3 kobolds
  10 ball pythons
  6 bats
  4 frilled lizards
37 creatures vanquished.

Vanquished Creatures (collateral kills)
  2 endoplasms (D:1)
  2 hobgoblins
  A goblin (D:1)
  A rat (D:1)
6 creatures vanquished.

Vanquished Creatures (others)
  3 fungi (D:1)
3 creatures vanquished.

Grand Total: 46 creatures vanquished

Notes
Turn   | Place    | Note
-------+----------+-------------------------------------------
     0 | D:1      | Orangeyouglad the Demonspawn Necromancer began the quest
                  | for the Orb.
     0 | D:1      | Reached XP level 1. HP: 13/13 MP: 3/3
   168 | D:1      | Gained mutation: Your demonic aura sometimes causes spilled
                  | blood to erupt in flames. [demonic ancestry]
   168 | D:1      | Reached XP level 2. HP: 8/19 MP: 0/5
   610 | D:1      | You fall into a shaft and drop 1 floor!
   656 | D:1      | Gained mutation: Your movements are slightly less
                  | encumbered by armour. (ER -2) [demonic ancestry]
   656 | D:1      | Reached XP level 3. HP: 24/24 MP: 2/6
   747 | D:1      | Found a faded altar of an unknown god.
  1313 | D:2      | Succumbed to a kobold's poison

Illustrated notes

Levels and vault maps discovered:
D:1:      roderic_crossed_star, layout_rooms,
          shapermc_ecumenical_altar_acropolis
D:2:      layout_loops_ring, minmay_3d_cube

Skill      XL: |  1 |
---------------+----+-----
Stealth        | 2 |  2.4
Dodging        | 2 |  2.3
Spellcasting   | |  2.4
Necromancy     | |  4.7

Action                     || total
---------------------------++-------
  Melee: Dagger            ||    34
         Unarmed           ||     8
   Cast: Necrotise         ||    50
    Use: Potion            ||     1
   Stab: Sleeping          ||     4
 Armour: Robe              ||    14
  Dodge: Dodged            ||    58

Table legend: (Time is in decaauts)
 A = Elapsed time spent in this place.
 B = Non-inter-level travel time spent in this place.
 C = Inter-level travel time spent in this place.
 D = Time resting spent in this place.
 E = Time spent auto-exploring this place.
 F = Levels seen in this place.
 G = Mean time per level.
                   A        B        C        D        E       F      G
               +--------+--------+--------+--------+--------+-----+--------+
         Total |   1313 |   1307 |      6 |     67 |    855 |   2 |  656.5 |
       Dungeon |   1313 |   1307 |      6 |     67 |    855 |   2 |  656.5 |
               +--------+--------+--------+--------+--------+-----+--------+

Top non-repeatable levels by time:
     D:1: 834 daAuts
     D:2: 478 daAuts
